 Dungeon Crawl Stone Soup version 0.17-a0-896-g249456b (webtiles) character file.

28 oplop the Chiller (level 3, -1/23 HPs)
             Began as an Octopode Ice Elementalist on May 1, 2015.
             Slain by a kobold
             ... wielding a +0 short sword
              (4 damage)
             ... on level 2 of the Dungeon.
             The game lasted 00:01:05 (681 turns).

oplop the Chiller (Octopode Ice Elementalist)        Turns: 681, Time: 00:01:06

Health: -1/23      AC:  1    Str:  7    XL:     3   Next: 14%
Magic:  2/6        EV: 12    Int: 18    God:
Gold:   86         SH:  0    Dex: 10    Spells: 1 memorised, 5 levels left

rFire  . . .     SeeInvis .     (no weapon)
rCold  . . .     Clarity  .     (no shield)
rNeg   . . .     SustAb   .     (helmet restricted)
rPois  +         Gourm    .     (no amulet)
rElec  .         Spirit   .     (no ring)
rCorr  .         Warding  .     (no ring)
rMut   .         Stasis   .     (no ring)
MR     .....                    (no ring)
Stlth  +++.......               (no ring)
                                (no ring)
                                (no ring)
                                (no ring)

@: lethally poisoned (-1 -> -6), not resistant to hostile enchantments, fairly
stealthy
A: almost no armour, amphibious, 8 rings, constrict 8, camouflage 1, clumsy 1,
poison resistance, gelatinous body 1, subdued magic 1
a: no special abilities


You were on level 2 of the Dungeon.
You were not hungry.

You visited 1 branch of the dungeon, and saw 2 of its levels.

You collected 86 gold pieces.

Inventory:

Scrolls
 d - a scroll of teleportation {unknown}
 e - a scroll of magic mapping {unknown}
 f - a scroll of random uselessness {unknown}
 g - 3 scrolls of remove curse {unknown}
Potions
 i - a potion of heal wounds {unknown}
Books
 a - a book of Frost

   Spells                             Type                      Level
   a - Freeze                         Ice                          1
   b - Throw Frost                    Conjuration/Ice              2
   c - Ozocubu's Armour               Charms/Ice                   3
   d - Throw Icicle                   Conjuration/Ice              4
   e - Summon Ice Beast               Ice/Summoning                4
   f - Condensation Shield            Ice                          4
Comestibles
 b - a bread ration
 c - 2 fruits


   Skills:
 + Level 1.4 Fighting
 - Level 2.0 Dodging
 - Level 2.6 Stealth
 + Level 2.3 Spellcasting
   Level 1.0 Conjurations
 + Level 3.4 Ice Magic


You had 5 spell levels left.
You knew the following spells:

 Your Spells              Type           Power        Failure   Level  Hunger
a - Freeze                Ice            #...         1%          1    #......


Dungeon Overview and Level Annotations

Branches:
Dungeon (2/15)

Altars:


Innate Abilities, Weirdness & Mutations

You cannot wear most types of armour.
You are amphibious.
You can wear up to eight rings at the same time.
You can use your tentacles to constrict eight enemies at once.
Your skin changes colour to match your surroundings (Stealth).
Your rubbery body absorbs attacks (AC +1).
You are clumsy. (Dex -2)
Your system is resistant to poisons.
Your spells are a little easier to cast, but a little less powerful.


Message History

No previous command to re-do.
Casting: Freeze
Confirm with . or Enter, or press ? or * to list all spells.
Aiming: Freeze
Press: ? - help, Shift-Dir - straight line, f/p - adder
Aim: an adder (severely wounded, slow)
You freeze the adder.
You kill the adder!
You have reached level 3!
Your experience leads to an increase in your attributes!
Increase (S)trength, (I)ntelligence, or (D)exterity?
You feel clever.
You feel sick. The kobold hits you with a short sword.
* * * LOW HITPOINT WARNING * * *
Drink which item? (? for menu, Esc to quit)
It was a potion of mutation.
You feel extremely strange.
Your connection to magic feels subdued.
You feel resistant to poisons.
You feel clumsy. The kobold hits you with a short sword.
You die...

... #.#.#
#.#.# ..#<#
#<#.##
#....##
#.....### ###
#K†.........#
#@....#####.#
#(.......##.#
#....###.##.#
#.#### #.##.#
#.#
###.##.#####.
#(#
#............
#.####...##<#
#.#.>.......#
#.#.##..#####


You could see a kobold.

Vanquished Creatures
  An adder (D:2)
  A giant gecko (D:1)
  A giant cockroach (D:1)
  2 goblins (D:1)
  6 hobgoblins (D:1)
  3 kobolds (D:1)
  2 bats (D:1)
  A giant newt (D:1)
  A quokka (D:2)
  A rat (D:1)
19 creatures vanquished.

Notes
Turn   | Place    | Note
--------------------------------------------------------------
     0 | D:1      | oplop, the Octopode Ice Elementalist, began the quest for the Orb.
     0 | D:1      | Reached XP level 1. HP: 11/11 MP: 3/3
   148 | D:1      | Reached skill level 1 in Fighting
   169 | D:1      | Reached XP level 2. HP: 13/18 MP: 5/5
   680 | D:2      | Reached XP level 3. HP: 10/23 MP: 2/6
   681 | D:2      | Gained mutation: Your spells are a little easier to cast, but a little less powerful. [potion of mutation]
   681 | D:2      | Gained mutation: Your system is resistant to poisons. [potion of mutation]
   681 | D:2      | Gained mutation: You are clumsy. (Dex -2) [potion of mutation]
   681 | D:2      | Slain by a kobold

Action                   || total
-------------------------++-------
Melee: Unarmed           ||    43
 Cast: Freeze            ||     6
  Use: Potion            ||     1
 Stab: Sleeping          ||     7
